[Event "*** Titled Tuesday Blitz"]
[Site "Chess.com"]
[Date "2020.11.24"]
[Round "5"]
[White "tteshan"]
[Black "WPWPWP-2015"]
[Result "0-1"]
[WhiteElo "2374"]
[BlackElo "2526"]
[TimeControl "180+1"]
[EndTime "11:12:17 PST"]
[Termination "WPWPWP-2015 won by resignation"]

1. e4 c5 2. c3 Nf6 3. e5 Nd5 4. Nf3 e6 5. d4 cxd4 6. cxd4 d6 7.
Bc4 Be7 8. Qe2 Bd7 9. O-O Bc6 10.
exd6 Qxd6 11. Nc3 Nxc3 12. bxc3 Nd7 13. Re1 a6 14. a4 Nb6 15. Bb3 O-O 16. a5 Nd5 17. c4 Nf4 18. Bxf4 Qxf4 19. d5 Bd7 20. Ba4 Bc8 21. Qd3 Bb4 22. Re4 Qf6 23. Rb1 exd5 24. Qxd5 Bd6 25. Rb6 Qa1+ 26. Bd1 Bc7 27. Rb3 Be6 28.
Qd2 Rad8 29. Rd3 Bxa5 30. Qe2 Rxd3 31. Qxd3 Rd8 32. Rd4 Rxd4 33. Nxd4 Bxc4 34. Qc2 Qxd4 35. h3 Bb6 36. Bf3 g6 37. Bxb7 a5 38. Qb1 a4 39.
Qc2 a3 40. Bc6 a2 41. Qc1 0-1

[Event "*** Titled Tuesday Blitz"]
[Site "Chess.com"]
[Date "2020.11.24"]
[Round "5"]
[White "ambaixador"]
[Black "Morshynska"]
[Result "1/2-1/2"]
[WhiteElo "2431"]
[BlackElo "2273"]
[TimeControl "180+1"]
[EndTime "11:12:17 PST"]
[Termination "Game drawn by agreement"]

1. Nf3 d5 2. d4 Nf6 3. c4 e6 4. Bg5 Be7 5. e3 O-O 6. Nc3 b6 7. cxd5 exd5 8. Bd3 Bb7 9. O-O Ne4 10. Bxe7 Qxe7 11. Qc2 Nd7 12. Nd2 Ndf6 13. Ncxe4 dxe4 14. Bb5 c5 15. dxc5 Rac8 16. c6 a6 17. Ba4 b5 18. Bb3 Rxc6 19. Qd1 Rd8 20. Qe2 Rcd6 21. Nb1 Bd5 22. Nc3 Bxb3 23. axb3 Qe6 24. Rfd1 Qxb3 25. Rxd6 Rxd6 26. Nxb5 Rb6 27. Nc7 Qxb2 28. Qxb2 Rxb2 29. Nxa6 h5 30. h3 h4 31. Nc5 Rc2 32. Nb3 Kh7 33. Ra4 Kg6 34. Ra5 Rb2 35. Nd4 Rb1+ 36. Kh2 Rb2 37.
Rf5 Rd2 38. Rf4 Kg5 39. Nb3 Rb2 40. Nc5 g6 41. Nxe4+ Nxe4 42. Rxe4 Rxf2 43. Rg4+ Kh5 1/2-1/2

[Event "*** Titled Tuesday Blitz"]
[Site "Chess.com"]
[Date "2020.11.24"]
[Round "5"]
[White "Campelov"]
[Black "BlixLT"]
[Result "1-0"]
[WhiteElo "2200"]
[BlackElo "2343"]
[TimeControl "180+1"]
[EndTime "11:12:17 PST"]
[Termination "Campelov won on time"]

1. e4 Nc6 2. Nf3 Nf6 3. e5 Ng4 4. d4 d6 5. h3 Nh6 6. exd6 Qxd6 7.
Be2 Bd7 8. O-O O-O-O 9. c4 e6 10. Nc3 Nf5 11. c5 Qe7 12. b4 Be8 13. Be3 e5 14. d5 Nxe3 15. fxe3 Nxb4 16. d6 cxd6 17. cxd6 Qxd6 18. Qb3 Qb6 19. Na4 Qa5 20. Rfc1+ Kb8 21.
Nc3 Bc6 22. a3 Na6 23. Ng5 Bc5 24. Nce4 Bxe4 25. Nxe4 Bb6 26. Kh1 f6 27. Bf3 Rd7 28.
Rab1 Rhd8 29. Kh2 Qd5 30. Qb2 Qf7 31. a4 f5 32. Ng5 Qg6 33. a5 Qxg5 34. axb6 e4 35.
bxa7+ Kxa7 36. Qb6+ Ka8 37. Be2 f4 38. Bxa6 Qg3+ 39. Kh1 1-0

[Event "*** Titled Tuesday Blitz"]
[Site "Chess.com"]
[Date "2020.11.24"]
[Round "5"]
[White "Sviridov_Valery"]
[Black "cstevens1"]
[Result "1-0"]
[WhiteElo "2830"]
[BlackElo "2583"]
[TimeControl "180+1"]
[EndTime "11:12:18 PST"]
[Termination "Sviridov_Valery won on time"]

1. Nf3 c5 2. g3 b6 3. Bg2 Bb7 4.
O-O Nf6 5. c4 e6 6. Nc3 Be7 7. d4 cxd4 8. Qxd4 d6 9. Rd1 Nbd7 10.
b3 a6 11. Bb2 Qc7 12. Ng5 Bxg2 13. Kxg2 Rd8 14. Nge4 Nc5 15. Nxc5 bxc5 16. Qe3 O-O 17. Na4 Qc6+ 18. f3 Rd7 19. Rd2 Rfd8 20. Rad1 h6 21. Bc3 Rb8 22. Bxf6 Bxf6 23. Nxc5 Rdd8 24. Ne4 Be7 25.
Rd3 d5 26. cxd5 exd5 27. Nc3 Bc5 28. Qc1 d4 29. Ne4 Rbc8 30. Nxc5 Qxc5 31. Qxc5 Rxc5 32. e3 Re8 33. e4 f5 34. Rxd4 fxe4 35. fxe4 Rc2+ 36.
R1d2 Rxd2+ 37. Rxd2 Rxe4 38. Kf3 Re6 39. Rd7 Rc6 40.
Ra7 Kh7 41. Ke4 Kg6 42. Kd5 Rf6 43. b4 h5 44. a4 Kh6 45. b5 axb5 46. axb5 Rf2 47.
h4 Rf3 48. Ra6+ g6 49. b6 Rxg3 50. b7 Rb3 51. Kc6 Rxb7 52. Kxb7 1-0

[Event "*** Titled Tuesday Blitz"]
[Site "Chess.com"]
[Date "2020.11.24"]
[Round "5"]
[White "ChessWarrior7197"]
[Black "kingnb"]
[Result "1-0"]
[WhiteElo "2996"]
[BlackElo "2612"]
[TimeControl "180+1"]
[EndTime "11:12:18 PST"]
[Termination "ChessWarrior7197 won by resignation"]

1. e4 d5 2. exd5 Nf6 3. d4 Bg4 4. Be2 Bxe2 5. Qxe2 Qxd5 6. Nf3 Nc6 7. c4 Qf5 8. O-O O-O-O 9. d5 Nb4 10. Nc3 e6 11. dxe6 Qxe6 12. Qxe6+ fxe6 13. Ng5 Re8 14. Rd1 h6 15. Nge4 Be7 16. a3 Nc6 17. b4 Rd8 18. Be3 Ne5 19. Rdc1 Nxc4 20. Bxa7 c6 21. Nc5 Bxc5 22.
Bxc5 Nd2 23. Be7 Rd7 24. Bxf6 gxf6 25. Ra2 e5 26. Na4 Kb8 27. Nc5 Rd5 28. h4 Rhd8 29. Rc3 Rg8 30. a4 Rg4 31. a5 Rxh4 32. a6 Ne4 33. Rc1 Nxc5 34. bxc5 Rb4 35. g3 Rb5 36.
axb7 Rdxc5 37. Rca1 Rxb7 38. Ra8+ Kc7 39. Rf8 e4 40.
Rxf6 Rb2 41. Re1 Rc4 42. Rxh6 c5 43. Re6 Rbb4 44. Kg2 Kd7 45. Rh6 Rd4 46. Reh1 Rd2 47. Ra6 Kc7 48. Rh7+ Kb8 49. Re6 Rd8 50. Rhe7 Rbd4 51.
Rxe4 Rxe4 52. Rxe4 Kc7 53. g4 Kc6 54. g5 Kd5 55. Re1 Rf8 56. Kg3 c4 57. f4 c3 58.
Kg4 c2 59. g6 Kd4 60. f5 Kd3 61. g7 Rc8 62. f6 Kd2 63. Rh1 c1=Q 64. Rxc1 Rxc1 65.
Kf5 Rg1 66. Ke6 Ke3 67. Kf7 Ke4 68. g8=Q Rxg8 69. Kxg8 1-0

[Event "*** Titled Tuesday Blitz"]
[Site "Chess.com"]
[Date "2020.11.24"]
[Round "5"]
[White "Durarbayli"]
[Black "yobdc"]
[Result "0-1"]
[WhiteElo "2726"]
[BlackElo "2468"]
[TimeControl "180+1"]
[EndTime "11:12:18 PST"]
[Termination "yobdc won on time"]

1. e4 c6 2. Nf3 d5 3. Nc3 Bg4 4. h3 Bxf3 5. Qxf3 e6 6. d3 Bb4 7. Bd2 Nf6 8. e5 Nfd7 9. Qg4 Bf8 10. f4 c5 11. g3 Nc6 12. Bg2 Qb6 13. b3 h5 14. Qd1 c4 15. bxc4 dxc4 16. Rb1 Qc7 17. Nb5 Qc8 18. dxc4 a6 19. Nd6+ Bxd6 20. exd6 O-O 21.
Qxh5 Nd4 22. c3 Nf5 23. Qf3 Qxc4 24. Rxb7 Nc5 25. Rc7 Rab8 26. Kf2 Nxd6 27. Kg1 Rfc8 28. Rxc8+ Rxc8 29. Kh2 Qxa2 30. Rd1 Nde4 31. Be1 Qc2 32. Rd4 a5 33. Rc4 f5 34. Qe3 a4 35. Kg1 a3 36.
Bxe4 fxe4 37. Rxc5 Rxc5 38. Qxc5 a2 39. Qc8+ Kh7 40. Qa8 Qb1 0-1

[Event "*** Titled Tuesday Blitz"]
[Site "Chess.com"]
[Date "2020.11.24"]
[Round "5"]
[White "HajduIstvanCM"]
[Black "queen_iryna"]
[Result "0-1"]
[WhiteElo "1703"]
[BlackElo "2262"]
[TimeControl "180+1"]
[EndTime "11:12:18 PST"]
[Termination "queen_iryna won on time"]

1. e4 d6 2. d4 Nf6 3. Nc3 e5 4. Nf3 Nbd7 5. Be2 Be7 6. O-O O-O 7. h3 c6 8. a4 h6 9. Be3 Re8 10. Qd2 Bf8 11. dxe5 dxe5 12. Rad1 Qc7 13. Bc4 Nc5 14. Rfe1 Ncxe4 15. Nxe4 Nxe4 16. Qe2 Nf6 17. c3 Be6 18. Bxe6 Rxe6 19. Qc2 Nd5 20. Bc1 Rae8 21. b4 a5 22. bxa5 Qxa5 23. Bb2 Nb6 24. Ra1 Nc4 25.
Qb3 Nxb2 26. Qxb2 Qa7 27. Nd2 Bc5 28. Ne4 R6e7 29. Nxc5 Qxc5 30. Qb4 Qa7 31. a5 e4 32. Re3 Re5 33. Qb6 Qxb6 34. axb6 Rb5 35. Rae1 Rxb6 36. Rxe4 Rxe4 37. Rxe4 Rb3 38. Rc4 Kf8 39. Kf1 Ke7 40.
Ke2 Kd6 41. Kd3 b5 42. Rd4+ Ke6 43. Kc2 Ra3 44. Rd8 Ra2+ 45. Kb3 Rxf2 46. Rc8 Kd7 47.
Rf8 Rxg2 0-1

[Event "*** Titled Tuesday Blitz"]
[Site "Chess.com"]
[Date "2020.11.24"]
[Round "5"]
[White "DishonorOnYourCow"]
[Black "Geller_Jakov"]
[Result "1-0"]
[WhiteElo "2453"]
[BlackElo "2591"]
[TimeControl "180+1"]
[EndTime "11:12:19 PST"]
[Termination "DishonorOnYourCow won on time"]

1. d4 d5 2. c4 e6 3. Nc3 c6 4. e4 dxe4 5. Nxe4 Bb4+ 6. Nc3 e5 7. Be3 exd4 8. Qxd4 Qxd4 9. Bxd4 Nf6 10. O-O-O Be6 11.
Nf3 h6 12. Bd3 Nbd7 13. Rhe1 O-O-O 14. a3 Bc5 15. Be2 Rhe8 16. b4 Bf8 17. Kb2 Nb6 18.
c5 Nbd5 19. Nxd5 Nxd5 20. Bc4 Be7 21. h3 g5 22. Bb3 Nf4 23. Bxe6+ Nxe6 24. Be3 Bf6+ 25.
Kb3 Nc7 26. Kc4 Nd5 27. Bd4 Bxd4 28. Nxd4 Nf4 29. Nf5 Rxe1 30. Rxe1 Rd2 31. Re8+ Kc7 32. Re7+ Rd7 33. Rxd7+ Kxd7 34. Nxh6 Ke6 35. g3 Nxh3 36. f3 f5 37. Kd4 Nf2 38. g4 fxg4 39. Nxg4 Nh3 40.
Ke4 Nf4 41. Ne3 Ne2 42. Nc4 Nc3+ 43. Kd3 Nb5 44. a4 Nc7 45. Na5 1-0

[Event "*** Titled Tuesday Blitz"]
[Site "Chess.com"]
[Date "2020.11.24"]
[Round "5"]
[White "anon481216"]
[Black "levallem"]
[Result "1-0"]
[WhiteElo "2399"]
[BlackElo "2235"]
[TimeControl "180+1"]
[EndTime "11:12:19 PST"]
[Termination "anon481216 won on time"]

1. d4 d5 2. c4 e6 3. Nc3 Nf6 4. cxd5 exd5 5. Bg5 c6 6. e3 Bf5 7. Qf3 Bg6 8. Bxf6 Qxf6 9. Qxf6 gxf6 10. Nge2 Bd6 11.
g3 Nd7 12. Nf4 Bf5 13. Kd2 Nf8 14. f3 Ne6 15. Nh5 Ke7 16. Bd3 Bg6 17. Nf4 Nxf4 18. gxf4 Bxd3 19. Kxd3 f5 20. Rhg1 Rhg8 21. Ne2 Rg6 22. Rg3 Rag8 23. Rag1 Rxg3 24. hxg3 h5 25. Rh1 Rh8 26. Rh4 Ke6 27. g4 fxg4 28. fxg4 Be7 29.
Rxh5 Rxh5 30. gxh5 Kf5 31. h6 Kg6 32. e4 dxe4+ 33.
Kxe4 Kxh6 34. Kf5 Kg7 35. Nc3 Bf6 36. Ne2 a5 37. b3 b5 38. a4 bxa4 39. bxa4 Bh4 40.
Ke5 Be7 41. Ng3 Kg6 42. Ne4 Bb4 43. f5+ Kg7 44. Nd6 c5 45. d5 Bc3+ 46. Ke4 Kf6 47. Nb7 Ke7 48. Nxc5 Kd6 49. Nb3 Bb4 50. Nd4 f6 51.
Nb5+ Kc5 52. Nc7 Bc3 53. Ne8 Be5 54. Ng7 Kb4 55. Ne8 Kc5 56. d6 Bxd6 57. Nxd6 Kxd6 58. Kd4 Kc6 59. Kc4 1-0

[Event "*** Titled Tuesday Blitz"]
[Site "Chess.com"]
[Date "2020.11.24"]
[Round "5"]
[White "barriochess"]
[Black "Escanor89"]
[Result "0-1"]
[WhiteElo "2368"]
[BlackElo "2523"]
[TimeControl "180+1"]
[EndTime "11:12:20 PST"]
[Termination "Escanor89 won by resignation"]

1. d4 d6 2. Nf3 Nd7 3. c4 Ngf6 4.
Nc3 g6 5. e4 Bg7 6. Be2 O-O 7.
O-O e5 8. Re1 a5 9. b3 exd4 10.
Nxd4 Nc5 11. f3 Re8 12. Be3 c6 13. Bf1 Qc7 14. Rc1 Nh5 15. Qd2 Bd7 16. g4 Nf6 17. Bg2 Rad8 18. Bf4 Bc8 19. Nc2 Ne6 20. Be3 h5 21. g5 Nd7 22. f4 Nec5 23. Bd4 Bf8 24. Rcd1 Nb6 25. h3 a4 26. Rb1 axb3 27. axb3 Ne6 28.
Be3 Nd7 29. Qf2 Ndc5 30. Red1 Bg7 31. Qd2 Nf8 32. b4 Na6 33. Nd4 Be6 34. Nd5 cxd5 35. cxd5 Bd7 36. Rdc1 Qb8 37. f5 Be5 38. h4 Rc8 39.
Ne6 Rxc1+ 40. Rxc1 fxe6 41. dxe6 Nxe6 42. fxe6 Bxe6 43.
Bd4 Rc8 44. Rf1 Rf8 45. Rc1 Bg4 46. Bf1 Qe8 47. Bc4+ Kh8 48. Be3 Be6 49. Bd5 Bxd5 50. Qxd5 Qd7 51. b5 Qg4+ 0-1

[Event "*** Titled Tuesday Blitz"]
[Site "Chess.com"]
[Date "2020.11.24"]
[Round "5"]
[White "annacramling"]
[Black "A-S-00"]
[Result "1-0"]
[WhiteElo "2078"]
[BlackElo "2301"]
[TimeControl "180+1"]
[EndTime "11:12:20 PST"]
[Termination "annacramling won by resignation"]

1. d4 Nf6 2. c4 g6 3. Nc3 Bg7 4. e4 d6 5. h3 O-O 6. Bg5 Nbd7 7. Nf3 h6 8. Be3 e5 9. d5 a5 10. Be2 Ne8 11. g4 Nc5 12. Qd2 Kh7 13. O-O-O f5 14. gxf5 gxf5 15. exf5 Bxf5 16. Rdg1 a4 17. Ne1 Nf6 18.
Rxg7+ Kxg7 19. Bxh6+ Kf7 20. Qg5 Bg6 21. Bxf8 Qxf8 22.
Rg1 Qg7 23. h4 Qh7 24. Bg4 Nxg4 25. Qxg4 Bf5 26. Qf3 a3 27. b4 Nb3+ 28. axb3 a2 29. Nxa2 Rxa2 30. Rg5 Kf6 31. Ng2 e4 32. Qf4 Re2 33.
Ne3 Rxe3 34. fxe3 Qd7 35. Kd2 b5 36. h5 bxc4 37. bxc4 Qc8 38. h6 Qd7 39. Rg7 Qa4 40. Qh4+ Ke5 41. Qe7+ 1-0

[Event "*** Titled Tuesday Blitz"]
[Site "Chess.com"]
[Date "2020.11.24"]
[Round "5"]
[White "tdf98pantani"]
[Black "kleopl"]
[Result "1-0"]
[WhiteElo "2716"]
[BlackElo "2515"]
[TimeControl "180+1"]
[EndTime "11:12:21 PST"]
[Termination "tdf98pantani won on time"]

1. e4 c6 2. d4 d5 3. e5 Bf5 4. Nf3 e6 5. Be2 Ne7 6. O-O Nd7 7. Nbd2 c5 8. c4 Bg4 9. dxc5 Nxc5 10. cxd5 Nxd5 11.
Bb5+ Nd7 12. Qa4 Bxf3 13. Nxf3 a6 14. Bd3 b5 15. Qg4 h5 16. Qg3 h4 17. Qg4 h3 18. g3 Qc7 19. Re1 Nb4 20. Be4 Rc8 21.
Bf4 Nc5 22. Ng5 Nxe4 23. Nxe4 Qb7 24. Qf3 Qa8 25. Rac1 Nxa2 26. Rxc8+ Qxc8 27. Bd2 Nb4 28. Rc1 Qd8 29. Bxb4 Bxb4 30. Ng5 Rf8 31. Rd1 Qc8 32. Qf4 Be7 33. Ne4 Qc6 34. Qf3 Qc7 35. Qe3 g6 36. Rc1 Qd7 37. Qb6 Bd8 38. Qxa6 Rh8 39. Nd6+ Kf8 40. Rc8 1-0

[Event "*** Titled Tuesday Blitz"]
[Site "Chess.com"]
[Date "2020.11.24"]
[Round "5"]
[White "Road2GM3000"]
[Black "Shuvalov"]
[Result "0-1"]
[WhiteElo "2029"]
[BlackElo "2465"]
[TimeControl "180+1"]
[EndTime "11:12:21 PST"]
[Termination "Shuvalov won on time"]

1. d4 d5 2. c4 c6 3. Nc3 Nf6 4. Nf3 dxc4 5. a4 Bf5 6. Nh4 Bc8 7. Nf3 Bf5 8. Nh4 Bc8 9. g3 e5 10. dxe5 Qxd1+ 11. Nxd1 Ng4 12. f4 f6 13. h3 Bb4+ 14. Bd2 Bxd2+ 15. Kxd2 Nh6 16. exf6 gxf6 17. e4 Be6 18. Ne3 b5 19. Bg2 Ke7 20. axb5 Rd8+ 21. Kc2 Rd3 22. Nef5+ Nxf5 23. Nxf5+ Bxf5 24. exf5 Rxg3 25. Rhe1+ Kd7 26. Rad1+ Kc7 27. Re7+ Kb6 28. Rd2 Kxb5 29. Re8 Kb6 30. Be4 Rxh3 31. Rdd8 Kb7 32. Bxc6+ Kxc6 33.
Rxb8 Rxb8 34. Rxb8 h5 35. Rf8 Kd5 36. Rxf6 h4 37. Rh6 a5 38. Rh8 Kd6 39. Ra8 Rf3 40. Rxa5 Rxf4 41. Kc3 h3 42. Ra1 h2 43. Rh1 Rh4 44. b3 cxb3 45. Kxb3 Ke5 46. Kc2 Kf4 47. f6 Kg3 48. f7 Rf4 49. Kd2 Kg2 0-1

[Event "*** Titled Tuesday Blitz"]
[Site "Chess.com"]
[Date "2020.11.24"]
[Round "5"]
[White "ChronicUnhappiness"]
[Black "DonPreuss"]
[Result "1/2-1/2"]
[WhiteElo "2362"]
[BlackElo "2239"]
[TimeControl "180+1"]
[EndTime "11:12:21 PST"]
[Termination "Game drawn by repetition"]

1. c4 Nc6 2. Nf3 e5 3. Nc3 Bc5 4. e3 d6 5. d4 exd4 6. exd4 Bb6 7. Be2 Nge7 8. O-O O-O 9. Na4 Nf5 10. c5 dxc5 11.
dxc5 Ba5 12. a3 b5 13. Bxb5 Ncd4 14. Bd3 c6 15. b4 Bc7 16. Bb2 Nxf3+ 17. Qxf3 Qg5 18.
Bxf5 Bxf5 19. Rfe1 Rad8 20. Be5 Rd3 21. Qe2 Rd2 22. Qe3 Qxe3 23. Rxe3 Bxe5 24. Rxe5 Be6 25. Nc3 Rfd8 26. h3 R8d3 27. Ne4 Re2 28. Kf1 Rb2 29. Ng5 Rdd2 30. Nxe6 Rxf2+ 31. Ke1 fxe6 32. Rxe6 Rxg2 33. Kf1 Rbf2+ 34. Ke1 Rb2 35. Kf1 Rh2 36. Kg1 Rxh3 37.
Rd1 h6 38. Rxc6 Rxa3 39. Rc7 Raa2 40. c6 Rg2+ 41. Kh1 Rh2+ 42. Kg1 Rag2+ 43. Kf1 Rf2+ 44. Kg1 Rfg2+ 45. Kf1 Rf2+ 46. Kg1 Rfg2+ 1/2-1/2

[Event "*** Titled Tuesday Blitz"]
[Site "Chess.com"]
[Date "2020.11.24"]
[Round "5"]
[White "Akhayan"]
[Black "Ariadna_Atreides"]
[Result "1-0"]
[WhiteElo "2283"]
[BlackElo "2104"]
[TimeControl "180+1"]
[EndTime "11:12:21 PST"]
[Termination "Akhayan won on time"]

1. d4 Nf6 2. c4 e6 3. Nc3 Bb4 4. e3 O-O 5. Ne2 Re8 6. a3 Bf8 7. g3 c5 8. Bg2 cxd4 9. Nxd4 Nc6 10. O-O d5 11. cxd5 exd5 12. b4 Bg4 13. Qb3 Nxd4 14.
exd4 Be6 15. Bg5 h6 16. Bxf6 Qxf6 17. Bxd5 Qxd4 18. Rad1 Qf6 19. Bxe6 Rxe6 20. Nd5 Qg5 21. Nc7 Rae8 22. Nxe8 Rxe8 23. Rd5 Qg4 24. Qd1 Qh3 25. Qh5 Qe6 26. Rfd1 g6 27. Qf3 Bg7 28. Rd7 a5 29. Qd5 axb4 30. Qxe6 Rxe6 31. axb4 Rb6 32. Rb1 Rb5 33. Kg2 Bc3 34. Rb3 Be5 35. h4 Kg7 36. Rf3 Bf6 37. Rb3 g5 38. hxg5 hxg5 39. g4 Kg6 40. Kf3 Be5 41. Ke4 Bf4 42. Kd3 f5 43.
gxf5+ Kxf5 44. Kc4 Re5 45. Rxb7 Re2 46. f3 Rc2+ 47.
Rc3 Rb2 48. b5 Be5 49. Rc1 Bf4 50. Rd1 Rc2+ 51. Kb3 1-0

[Event "*** Titled Tuesday Blitz"]
[Site "Chess.com"]
[Date "2020.11.24"]
[Round "5"]
[White "AliKa2810"]
[Black "exoticprincess"]
[Result "0-1"]
[WhiteElo "2590"]
[BlackElo "2897"]
[TimeControl "180+1"]
[EndTime "11:12:22 PST"]
[Termination "exoticprincess won by resignation"]

1. d4 Nf6 2. c4 c5 3. d5 e6 4. Nc3 exd5 5. cxd5 d6 6. Nf3 g6 7. Nd2 Bg7 8. e4 O-O 9. Be2 Re8 10. O-O Nbd7 11. h3 Rb8 12. a4 a6 13. Qc2 h5 14.
f4 h4 15. Nc4 Nb6 16. Na3 Bd7 17. a5 Nc8 18. Nc4 Bb5 19. Bd2 Bxc4 20. Bxc4 Nh5 21. e5 Ng3 22. e6 Nxf1 23. Rxf1 f5 24. Be1 Bf6 25. Kh2 Kg7 26. Rg1 Ne7 27. g4 hxg3+ 28.
Rxg3 Rh8 29. Ne2 Qf8 30. Ng1 Rh5 31. Nf3 Kg8 32. Qg2 Qh6 33. Bc3 Bxc3 34. bxc3 b5 35.
axb6 Rxb6 36. Ng5 Qg7 37. Qe2 a5 38. Qa2 Rh4 39. Rf3 Qh6 40. Kg3 Rxf4 41. Kxf4 Qh4+ 42. Ke3 Qxg5+ 43. Kf2 Qc1 44. Qxa5 Rb2+ 45. Be2 Kg7 46.
Qc7 Qg5 47. Qxd6 Qh4+ 48. Ke3 Qe4+ 49. Kf2 Qxe2+ 50. Kg3 Qh2+ 0-1

[Event "*** Titled Tuesday Blitz"]
[Site "Chess.com"]
[Date "2020.11.24"]
[Round "5"]
[White "Beca95"]
[Black "Tayson_7"]
[Result "1-0"]
[WhiteElo "2927"]
[BlackElo "2690"]
[TimeControl "180+1"]
[EndTime "11:12:23 PST"]
[Termination "Beca95 won by resignation"]

1. d4 Nf6 2. c4 c5 3. d5 e6 4. Nc3 exd5 5. cxd5 d6 6. Nf3 g6 7. Bg5 Bg7 8. e4 O-O 9. Nd2 a6 10. a4 Re8 11. Be2 Nbd7 12. O-O Rb8 13. Bh4 Qc7 14. a5 b5 15. axb6 Rxb6 16. Qc2 Rb4 17. Bg3 Ne5 18. b3 h5 19. h3 g5 20. Bxa6 Nfd7 21. Be2 h4 22. Bh2 Nf8 23. f4 gxf4 24. Rxf4 Qe7 25.
Kh1 Nfg6 26. Rf2 Qg5 27. Nc4 Nxc4 28. Bxc4 Ne5 29. Bf1 Bd7 30. Bf4 Qg6 31. Ra7 Reb8 32.
Ra3 f5 33. exf5 Bxf5 34. Qd1 Nd3 35. Bxd3 Bxd3 36. Rf3 Bc2 37. Qd2 Rxb3 38. Rxb3 Rxb3 39. Bh2 Bd4 40. Ne2 Rb1+ 41. Ng1 Be4 42. Rf4 Bxd5 43.
Rg4 Qxg4 44. hxg4 Kf7 45. Qf4+ Ke7 46. Qg5+ 1-0

[Event "*** Titled Tuesday Blitz"]
[Site "Chess.com"]
[Date "2020.11.24"]
[Round "5"]
[White "Meri-Arabidze"]
[Black "mjray79"]
[Result "0-1"]
[WhiteElo "2593"]
[BlackElo "2445"]
[TimeControl "180+1"]
[EndTime "11:12:23 PST"]
[Termination "mjray79 won by checkmate"]

1. Nf3 Nf6 2. b3 g6 3. Bb2 Bg7 4. g3 d6 5. Bg2 O-O 6. O-O c5 7. c4 Nc6 8. Nc3 Rb8 9. Rc1 a6 10. d3 b5 11. Nd2 Bd7 12. Ba1 Ne8 13. Nd5 Bxa1 14. Rxa1 Ng7 15. Ne4 Nd4 16. e3 Ndf5 17.
Qc2 Bc6 18. Qc3 Bxd5 19. cxd5 Rc8 20. a4 Qb6 21. axb5 axb5 22. Ra2 Rc7 23. Rfa1 Rfc8 24. h4 c4 25. dxc4 bxc4 26. b4 Rb7 27. Ra8 Rc7 28. h5 gxh5 29. Bh3 h6 30. Nf6+ exf6 31. Qxf6 Qb7 32. Rxc8+ Qxc8 33. e4 c3 34. exf5 c2 35.
Rc1 Rc4 36. Qxh6 f6 37. Qxf6 Rxb4 38. Qg5 Rb1 39. Kh2 Qc5 40. Kg2 Qxd5+ 41. Kh2 Rxc1 42. Qxc1 Qd1 43. Qg5 c1=Q 44. Qd8+ Kh7 45. Bg2 Qg1+ 46. Kh3 Qh1+ 47. Bxh1 Qxh1# 0-1

[Event "*** Titled Tuesday Blitz"]
[Site "Chess.com"]
[Date "2020.11.24"]
[Round "5"]
[White "Savagelittlemole"]
[Black "Nuvas"]
[Result "0-1"]
[WhiteElo "2563"]
[BlackElo "2431"]
[TimeControl "180+1"]
[EndTime "11:12:25 PST"]
[Termination "Nuvas won on time"]

1. e4 c5 2. Ne2 d6 3. g3 g6 4. Bg2 Bg7 5. O-O Nc6 6. c3 e5 7.
Na3 Nge7 8. Nc2 O-O 9. d4 exd4 10. cxd4 Bg4 11. f3 Bd7 12. Be3 b6 13. Rc1 Rc8 14.
a3 Na5 15. Qd3 Ba4 16. Nc3 Bb3 17. dxc5 Bc4 18. Qxd6 Bxf1 19. Bxf1 bxc5 20. Bxc5 Nb3 21. Qxd8 Rfxd8 22. Bxe7 Nxc1 23. Bxd8 Rxd8 24. Nd5 Bxb2 25.
Ncb4 Bxa3 26. Nc6 Ra8 27. Kg2 Nb3 28. Bc4 Nc5 29. Nc7 Rf8 30. Nxa7 Nd7 31. Nab5 Bc5 32.
Nd5 Ra8 33. h4 Ne5 34. Bb3 Ra5 35. Nbc7 Ra3 36. Bd1 Rd3 37. Be2 Rd2 38. Kf1 Rc2 39. Nf6+ Kg7 40. Ncd5 Rc1+ 41. Kg2 Rc2 42. Kf1 Nc4 43.
Ng4 Nd2+ 44. Ke1 Nb3 45. Kf1 Nd4 46. Nge3 Rxe2 0-1

[Event "*** Titled Tuesday Blitz"]
[Site "Chess.com"]
[Date "2020.11.24"]
[Round "5"]
[White "tylityli"]
[Black "ZenBull"]
[Result "1-0"]
[WhiteElo "2336"]
[BlackElo "2119"]
[TimeControl "180+1"]
[EndTime "11:12:25 PST"]
[Termination "tylityli won by resignation"]

1. d4 Nf6 2. c4 e6 3. Nc3 Bb4 4. e3 O-O 5. Ne2 d5 6. a3 Bd6 7. cxd5 exd5 8. g3 c6 9. Bg2 Na6 10. b4 Nc7 11. Qd3 a6 12. O-O Bg4 13. f3 Bh5 14. e4 dxe4 15. fxe4 Be7 16. Nf4 Bg6 17.
Bb2 Re8 18. Rad1 Bf8 19. Nxg6 hxg6 20. Qc4 Qd7 21. Bc1 Nb5 22. Bg5 Nxc3 23. Qxc3 Nxe4 24. Qe3 Nxg5 25. Qxg5 Rad8 26. d5 c5 27. d6 Re6 28.
bxc5 Rc8 29. Bh3 Qb5 30. Bxe6 fxe6 31. Rc1 b6 32. Qxg6 Rxc5 33. Qxe6+ Kh7 34. Rcd1 Re5 35.
Qg4 Rg5 36. Qh4+ Rh5 37. Qe4+ Kg8 38. Qe6+ Kh7 39. Rxf8 Qc5+ 40. Rf2 Rxh2 41. Rf1 Rh6 42. Qf5+ Kh8 43. Qxc5 bxc5 44. Rd2 1-0

[Event "*** Titled Tuesday Blitz"]
[Site "Chess.com"]
[Date "2020.11.24"]
[Round "5"]
[White "mr65"]
[Black "enriquebutti"]
[Result "0-1"]
[WhiteElo "2210"]
[BlackElo "1964"]
[TimeControl "180+1"]
[EndTime "11:12:25 PST"]
[Termination "enriquebutti won on time"]

1. e4 c5 2. Nf3 d6 3. d4 cxd4 4. Nxd4 Nf6 5. Nc3 a6 6. f4 e6 7. Bd3 b5 8. a3 Bb7 9. Be3 Nbd7 10. O-O Rc8 11. Qe2 Rxc3 12. bxc3 Nxe4 13. f5 e5 14. Nb3 Nxc3 15. Qe1 Nd5 16. Bd2 Be7 17. Rd1 O-O 18. c4 bxc4 19. Bxc4 N7f6 20. Kh1 Qd7 21. Bg5 Qa4 22.
Bxd5 Nxd5 23. Bxe7 Nxe7 24. Nd2 f6 25. Nf3 Nxf5 26. Qb4 Qxb4 27. axb4 Ne3 28. Rfe1 Nxd1 29. Rxd1 d5 30. Rc1 d4 31. Rc7 Bxf3 32. gxf3 Rd8 33. Rc2 f5 34. Kg2 e4 35. fxe4 fxe4 36. Rc1 d3 37. Kf2 Rd4 38. Rb1 Kf7 39. Ke3 Rc4 40. Ra1 Rxb4 41. Rxa6 g5 42. Ra7+ Kg6 43. Ra6+ Kh5 44.
h3 Rb2 45. Kxe4 d2 46. Rd6 Kh4 47. Kf3 h5 48. Ke3 Kxh3 49. Kf3 g4+ 50. Kf4 h4 51.
Kg5 g3 52. Rd3 Kh2 53. Kxh4 g2 54. Rh3+ Kg1 0-1

[Event "*** Titled Tuesday Blitz"]
[Site "Chess.com"]
[Date "2020.11.24"]
[Round "5"]
[White "aa175"]
[Black "MPGM"]
[Result "0-1"]
[WhiteElo "2284"]
[BlackElo "2621"]
[TimeControl "180+1"]
[EndTime "11:12:26 PST"]
[Termination "MPGM won by resignation"]

1. d4 d5 2. Bf4 c5 3. e3 Nc6 4. Nf3 Bf5 5. dxc5 e6 6. Nd4 Bxc5 7. Nxf5 exf5 8. Nc3 Bb4 9. Bb5 Nf6 10. Qd4 O-O 11. Bxc6 Bxc3+ 12. Qxc3 bxc6 13. Qxc6 Rc8 14. Qa4 Rc4 15. Qb3 Qa5+ 16. c3 Rxf4 17. exf4 Re8+ 18.
Kf1 Ng4 19. h3 Qa6+ 20. Kg1 Nxf2 21. Kxf2 Qe2+ 22. Kg1 Qe3+ 23. Kf1 Qxf4+ 24. Kg1 Qe3+ 25. Kh2 Qf4+ 26. Kg1 Re2 27. Rf1 Qe3+ 28. Kh2 Qe5+ 29. Kg1 h5 30. Rh2 h4 31. c4 d4 32. Qf3 g6 33. Qf2 Rxf2 34. Rxf2 Qe1+ 35. Rf1 Qe3+ 36. Kh1 Qe4 37. c5 d3 38. Rc1 d2 39. Rg1 Qe1 40. g4 Qxg1+ 41. Kxg1 d1=Q+ 42. Kg2 Qc2+ 43. Kh1 Qxc5 44.
gxf5 Qc1+ 45. Kg2 Qd2+ 46. Kh1 Qd1+ 47. Kg2 Qe2+ 48. Kg1 Qe3+ 49. Rf2 gxf5 50. b4 f4 51. a3 f3 52. b5 Qe1+ 53. Rf1 Qg3+ 0-1

[Event "*** Titled Tuesday Blitz"]
[Site "Chess.com"]
[Date "2020.11.24"]
[Round "5"]
[White "Cambek64"]
[Black "Oglob71"]
[Result "1-0"]
[WhiteElo "2301"]
[BlackElo "2389"]
[TimeControl "180+1"]
[EndTime "11:12:26 PST"]
[Termination "Cambek64 won by resignation"]

1. e4 c5 2. Nc3 a6 3. f4 b5 4.
Nf3 Bb7 5. d3 e6 6. g3 b4 7. Ne2 Nf6 8. Bg2 d5 9. e5 Nfd7 10. d4 Nc6 11. O-O a5 12. Be3 a4 13.
dxc5 Bxc5 14. Bxc5 Nxc5 15. Ned4 Qb6 16. Qd2 Ne4 17. Qe3 Ba6 18. Rfe1 Rc8 19. Nxc6 Qxe3+ 20. Rxe3 Rxc6 21. Nd4 Rc4 22. Rd1 Rc7 23. Bxe4 dxe4 24. Rxe4 Ke7 25. Rd2 Rb8 26. Kf2 Bb7 27. Re3 Bd5 28. b3 a3 29. h4 Rbc8 30. g4 f6 31. exf6+ Kxf6 32. g5+ Kf7 33. Rde2 g6 34. Ke1 Rc3 35.
Kd2 Rxe3 36. Rxe3 Ke7 37. c3 Kd6 38. cxb4 Rb8 39. b5 Kc5 40. Nxe6+ Kxb5 41. Nc7+ Kc6 42. Nxd5 Kxd5 43. Re5+ Kd4 44. Ra5 Ke4 45. Rxa3 Kxf4 46. Ra4+ Ke5 47. Rc4 Rf8 48. a4 Rf3 49. Kc2 Kd5 50. Kb2 Rf7 51. Ka3 Rb7 52. a5 Kd6 53. Ka4 Rf7 54. b4 Rf1 55. Kb5 Kd5 56. Rc7 Ke4 57.
Rxh7 Rf8 58. Rc7 Rb8+ 59. Kc4 Ke5 60. Kc5 Kf5 61. a6 Kg4 62. a7 Rf8 63. Rh7 Kf5 64.
b5 Ke6 65. b6 Rc8+ 66. Kb5 Kd5 67. b7 1-0